Map: Cyber Forest LE

Players

HeroMarine

  • Race: Terran Terran
  • League: Master
  • Spawn Location: 5:00

Elazer - Winner!

  • Race: Zerg Zerg
  • Spawn Location: 11:00

Event: 2019 WCS Winter Europe

VOD

Have the link to the VOD?

Description

Time

  • Played on: March 23, 2019, 10:59 a.m.
  • Length: 7:30

All games in this series

Show
View Real Time Build Order
Export as new Build Order

HeroMarine Terran 

Build Orders: Gas First Reaper Expand, Hellion Opening 

Get SALT Encoding   

  12  0:00  SCV  
  13  0:12  SCV  
  14  0:17  Supply Depot  
  14  0:24  SCV  
  14  0:27  Refinery  
  15  0:38  SCV  
  16  0:44  Barracks  
  16  0:50  SCV  
  17  1:02  SCV  
  18  1:15  SCV  
  19  1:31  Reaper, Orbital Command  
  20  1:42  Command Center  
  20  1:53  Factory  
  20  1:57  SCV  
  21  2:05  Barracks Reactor  
  21  2:09  SCV  
  21  2:11  Supply Depot  
  22  2:18  Refinery  
  22  2:21  SCV  
  23  2:33  SCV  
  24  2:44  Starport  
  24  2:45  SCV  
  24  2:47  Hellion x2  
  29  2:55  Barracks Tech Lab  
  29  2:57  Orbital Command  
  29  2:58  SCV  
  30  3:08  Hellion  
  30  3:09  Hellion  
  30  3:11  SCV  
  35  3:20  Viking  
  35  3:24  Marauder  
  39  3:32  Hellion  
  41  3:34  Supply Depot  
  41  3:37  Hellion  
  41  3:39  Concussive Shells  
  43  3:45  Marauder, SCV  
  46  3:55  Supply Depot  
  46  3:56  Medivac  
  46  3:57  Hellion  
  46  4:00  Hellion  
  52  4:07  Marauder  
  54  4:10  Armory  
  54  4:16  SCV x2  
  56  4:21  Supply Depot  
  56  4:23  Hellion  
  58  4:26  Liberator  
  58  4:28  Hellion  
  60  4:32  SCV x2  
  62  4:44  Supply Depot  
  65  4:46  SCV x2  
  67  4:58  SCV x2  
  58  5:00  Marine  
  53  5:08  Liberator  
  53  5:10  SCV x2, Hellion  
  49  5:22  SCV x2  
  54  5:34  SCV x2  
  52  5:46  SCV x2  
  50  5:51  Liberator  
  45  5:58  SCV x2, Hellion  
  45  5:59  Hellion  
  51  6:10  SCV  
  51  6:11  SCV  
  47  6:23  SCV x2  
Show
View Real Time Build Order
Export as new Build Order

Elazer Zerg - Winner!

Build Orders: Hatch First 

Get SALT Encoding   

  12  0:00  Drone  
  13  0:11  Overlord  
  13  0:16  Drone  
  14  0:30  Drone x2  
  16  0:48  Hatchery  
  15  0:51  Drone  
  15  0:55  Drone  
  17  0:59  Drone  
  18  1:09  Extractor  
  17  1:13  Spawning Pool  
  17  1:17  Drone  
  17  1:20  Drone  
  18  1:28  Drone  
  19  1:38  Drone  
  20  1:49  Drone  
  21  2:00  Queen x2  
  25  2:01  Zergling x4  
  27  2:13  Hatchery  
  26  2:18  Overlord  
  26  2:22  Drone  
  27  2:25  Drone  
  28  2:33  Metabolic Boost  
  28  2:39  Drone x3  
  31  2:46  Queen  
  33  2:51  Overlord  
  33  2:53  Drone  
  33  2:56  Drone  
  33  2:58  Drone  
  36  3:10  Queen  
  36  3:11  Drone x3  
  41  3:14  Drone  
  41  3:19  Overlord  
  42  3:22  Drone x2  
  44  3:28  Queen  
  44  3:33  Drone x2  
  48  3:34  Drone  
  49  3:41  Drone x2  
  49  3:43  Lair  
  49  3:44  Zergling x2  
  52  3:49  Queen  
  52  3:51  Zergling x2  
  52  3:53  Zergling x2  
  56  3:59  Zergling x4  
  56  4:01  Overlord  
  57  4:11  Overlord  
  57  4:18  Overlord, Queen  
  57  4:19  Overlord  
  57  4:22  Zergling x12  
  65  4:32  Overlord  
  65  4:36  Queen  
  67  4:40  Overseer  
  67  4:44  Zergling x18  
  76  4:58  Queen x2  
  75  5:00  Zergling x8  
  72  5:09  Nydus Network  
  72  5:10  Zergling x8  
  70  5:15  Queen  
  70  5:16  Zergling x2  
  73  5:27  Zergling x12  
  78  5:41  Zergling x2  
  78  5:42  Zergling x8  
  80  5:45  Nydus Canal  
  77  5:50  Zergling x6  
  77  5:52  Queen x2  
  79  5:57  Zergling x6  
  79  5:59  Nydus Canal  
  79  6:03  Zergling x6  
  82  6:09  Zergling x10  
  83  6:14  Nydus Canal  
  83  6:16  Zergling x8  
Tags
 
Add a new tag
Caveats
  • Supply blocks, unpowered buildings, or Contaminate may cause inaccurate times.
  • Supply counts are checked every 10 seconds.